 Dungeon Crawl Stone Soup version 0.28-a0-313-gbc0475efdd (webtiles) character file.

Game seed: 885324377927739814

30 porpoise the Skirmisher (level 3, -2/30 HPs)
             Began as a Formicid Abyssal Knight on Aug 31, 2021.
             Was a Follower of Lugonu.
             Slain by an ogre (10 damage)
             ... on level 2 of the Dungeon.
             The game lasted 00:03:43 (1311 turns).

porpoise the Skirmisher (Formicid Abyssal Knight)   Turns: 1311, Time: 00:03:44

Health: -2/30      AC:  9    Str: 16    XL:     3   Next: 35%
Magic:  4/4        EV: 10    Int: 11    God:    Lugonu [*.....]
Gold:   67         SH:  0    Dex: 11    Spells: 2/2 levels left

rFire   + . .      SeeInvis +   a - +1 spear
rCold   . . .      Faith    .   (no shield)
rNeg    . . .      Spirit   .   j - +2 ring mail {rF+}
rPois   .          Reflect  .   (helmet unavailable)
rElec   .          Harm     .   (no cloak)
rCorr   .          Rampage  .   (no gloves)
Will    .....                   h - +1 pair of boots
Stlth   +.........              (no amulet)
HPRegen 0.10/turn               (no ring)
MPRegen 0.09/turn               (no ring)

@: no status effects
A: permanent stasis, dig shafts and tunnels, antennae 3, four strong arms
a: Dig, Shaft Self, Renounce Religion, Depart the Abyss


You were on level 2 of the Dungeon.
You worshipped Lugonu.
Lugonu was aware of your devotion.
You visited 1 branch of the dungeon, and saw 2 of its levels.
You visited the Abyss 1 time.

You collected 67 gold pieces.

Inventory:

Hand Weapons
 a - a +1 spear (weapon)
Missiles
 f - 13 stones
Armour
 h - a +1 pair of boots (worn)
 j - a +2 ring mail of fire resistance (worn)
Jewellery
 b - an amulet of guardian spirit
Scrolls
 c - a scroll of magic mapping {unknown}
 e - a scroll of vulnerability {unknown}
 i - 2 scrolls of identify {unknown}
Potions
 d - a potion of attraction {unknown}
 g - 2 potions of curing {unknown}


   Skills:
 + Level 4.0 Fighting
 + Level 2.8 Polearms
 - Level 2.1 Armour
 - Level 0.8 Dodging
 - Level 2.1 Invocations


You had 2 spell levels left.
You didn't know any spells.
Your spell library was empty.

Dungeon Overview and Level Annotations

Branches:
Dungeon (2/15)

Altars:


Innate Abilities, Weirdness & Mutations

You cannot be hasted, slowed, berserked, paralysed or teleported.
You can dig through walls and to a lower floor.
You have a pair of large antennae on your head. (SInv)
Your four strong arms can wield two-handed weapons with a shield.


Message History

An ogre comes into view. It is wielding a +0 giant spiked club.
The ogre shouts!
Okay, then.
Unknown command.
Okay, then.
Unknown command.
You reach to attack!
You hit the ogre.
The ogre is lightly wounded.
The ogre barely misses you.
You hit the ogre.
The ogre is lightly wounded.
You barely miss the ogre.
The ogre is lightly wounded.
The ogre closely misses you.
You hit the ogre.
The ogre is moderately wounded.
The ogre barely misses you.
You hit the ogre.
The ogre is moderately wounded.
You hit the ogre but do no damage.
The ogre is moderately wounded.
The ogre barely misses you.
You hit the ogre.
The ogre is heavily wounded.
The ogre closely misses you.
You hit the ogre.
The ogre is heavily wounded.
The ogre hits you with a +0 giant spiked club!!
Ouch! That really hurt!
* * * LOW HITPOINT WARNING * * *
You are too injured to fight recklessly!
You barely miss the ogre.
The ogre is heavily wounded.
The ogre barely misses you.
You barely miss the ogre.
The ogre is heavily wounded.
You barely miss the ogre.
The ogre is heavily wounded.
The ogre hits you with a +0 giant spiked club!
You die...

### #.#
#.#.##..( ..#
#.# #......##
#.# #.#####.####
#.# #.......#
#.# #..######
♣♣♣♣.# #..#
...♣♣.P♣.####..#
#....?.O..†...#
##♣♣♣♣♣@#####.#
♣.# #.# #.# #.#
#.# #.. #.# ##
#.# #.# #.#


You could see an ogre.

Vanquished Creatures
  A dart slug (D:1)
  2 goblins (D:1)
  5 hobgoblins (D:1)
  4 jackals (D:1)
  3 kobolds
  A quokka (D:2)
  2 ball pythons
  3 frilled lizards (D:1)
  4 rats (D:1)
25 creatures vanquished.

Vanquished Creatures (others)
  A plant (D:2)
1 creature vanquished.

Grand Total: 26 creatures vanquished

Notes
Turn   | Place    | Note
-------+----------+-------------------------------------------
     0 | Abyss:1  | porpoise the Formicid Abyssal Knight began the quest for
                  | the Orb.
     0 | Abyss:1  | Reached XP level 1. HP: 18/18 MP: 2/2
    53 | Abyss:1  | Noticed a small abomination
    62 | D:1      | Escaped the Abyss
   352 | D:1      | Reached XP level 2. HP: 24/24 MP: 3/3
   523 | D:1      | Reached * piety under Lugonu
   585 | D:1      | Reached XP level 3. HP: 26/30 MP: 4/4
   792 | D:1      | Reached skill level 4 in Fighting
  1022 | D:1      | Found a faded altar of an unknown god.
  1296 | D:2      | Noticed an ogre
  1311 | D:2      | Slain by an ogre

Illustrated notes

Levels and vault maps discovered:
D:1:      sevenhm_arrival_forest_fort_large_4, layout_basic,
          hellmonk_ecumenical_altar_crossroads
D:2:      layout_loops_ring, serial_forest, infiniplex_forest_clump_C,
          infiniplex_forest_lined_1, infiniplex_forest_lined_room_2,
          infiniplex_forest_lined_3, infiniplex_forest_straight_4,
          infiniplex_forest_clump_medium

Skill      XL: |  1  2  3 |
---------------+----------+-----
Fighting       | 4 |  4.0
Polearms       | |  2.8
Armour         | |  2.1
Dodging        | |  0.8
Invocations    | |  2.1

Action                   || total
-------------------------++-------
Melee: Spear             ||    78
Invok: Depart the Abyss  ||     1
Armor: Leather armour    ||    10
       Ring mail         ||     3
Dodge: Dodged            ||    24

Table legend: (Time is in decaauts)
 A = Elapsed time spent in this place.
 B = Non-inter-level travel time spent in this place.
 C = Inter-level travel time spent in this place.
 D = Time resting spent in this place.
 E = Time spent auto-exploring this place.
 F = Levels seen in this place.
 G = Mean time per level.
                   A        B        C        D        E       F      G
               +--------+--------+--------+--------+--------+-----+--------+
         Total |   1309 |   1288 |     21 |    296 |    684 |   3 |  436.3 |
       Dungeon |   1247 |   1226 |     21 |    296 |    634 |   2 |  623.5 |
         Abyss |     62 |     62 |      0 |      0 |     50 |   1 |   62.0 |
               +--------+--------+--------+--------+--------+-----+--------+

Top non-repeatable levels by time:
     D:1: 1021 daAuts
     D:2: 226 daAuts
 Abyss:1: 62 daAuts
